Map: Beckett Industries LE

Players

SkaredyKat

  • Race: Terran Terran
  • League: Platinum

Pandemic - Winner!

  • Race: Terran Terran
  • League: Platinum

VOD

Have the link to the VOD?

Description

Time

  • Played on: Oct. 22, 2021, 5:21 p.m.
  • Length: 2:04
Show
View Real Time Build Order
Export as new Build Order

SkaredyKat Terran 

Build Orders:  

Get SALT Encoding   

  12  0:00  SCV  
  13  0:12  SCV  
  14  0:24  SCV  
  14  0:27  Supply Depot  
  15  0:42  Refinery  
  15  0:46  Refinery  
  15  0:48  SCV  
  16  0:51  Barracks  
  16  1:00  SCV  
  17  1:12  SCV  
  18  1:25  SCV  
  19  1:37  SCV  
  20  1:44  Factory  
  20  1:46  Barracks Reactor  
Show
View Real Time Build Order
Export as new Build Order

Pandemic Terran - Winner!

Build Orders: Reaper Expand 

Get SALT Encoding   

  12  0:00  SCV  
  13  0:12  SCV  
  14  0:19  Supply Depot  
  14  0:24  SCV  
  15  0:41  SCV  
  16  0:43  Barracks  
  16  0:47  Refinery  
  16  0:53  SCV  
  17  1:05  SCV  
  18  1:17  SCV  
  19  1:29  Orbital Command  
  19  1:30  Reaper  
  20  1:44  Command Center  
  20  1:52  Supply Depot  
Tags
 
Add a new tag
Caveats
  • Supply blocks, unpowered buildings, or Contaminate may cause inaccurate times.
  • Supply counts are checked every 10 seconds.